 Dungeon Crawl Stone Soup version 0.27-a0-380-g150de4c316 (webtiles) character file.

Game seed: 15647398307694455062

1074 mobinator the Basher (level 8, -1/64 HPs)
             Began as a Minotaur Berserker on Feb 17, 2021.
             Was a High Priest of Trog.
             Succumbed to kobold brigand's curare-tipped dart
             ... on level 6 of the Dungeon on Feb 18, 2021.
             The game lasted 00:30:53 (6501 turns).

mobinator the Basher (Minotaur Berserker)           Turns: 6501, Time: 00:30:53

Health: -1/64      AC:  6    Str: 23    XL:     8   Next: 7%
Magic:  7/7        EV: 10    Int:  4    God:    Trog [*****.]
Gold:   321        SH:  0    Dex: 11    Spells: 7/7 levels left

rFire    . . .     SeeInvis .   q - +0 morningstar
rCold    . . .     Faith    .   (no shield)
rNeg     . . .     Spirit   .   y - +0 scale mail
rPois    .         Reflect  .   (helmet restricted)
rElec    .         Harm     .   (no cloak)
rCorr    .         Rampage  .   (no gloves)
Will     .....                  (no boots)
Stlth    ..........             e - amulet of magic regeneration
HPRegen  0.20/turn              (no ring)
MPRegen  0.35/turn              (no ring)

@: lethally poisoned (-1 -> -17), berserk cooldown, slowed, very slow
A: retaliatory headbutt, horns 2
a: Renounce Religion, Berserk, Trog's Hand, Brothers in Arms


You were on level 6 of the Dungeon.
You worshipped Trog.
Trog was extremely pleased with you.
You visited 1 branch of the dungeon, and saw 6 of its levels.
You also visited: Sewer.

You collected 321 gold pieces.

Inventory:

Hand Weapons
 a - a +0 mace
 q - a +0 morningstar (weapon)
Missiles
 x - 6 boomerangs
Armour
 y - a +0 scale mail (worn)
Jewellery
 e - an amulet of magic regeneration (around neck)
Wands
 b - a wand of paralysis (8)
Scrolls
 d - 2 scrolls of blinking {unknown}
 g - 2 scrolls of identify
 h - a scroll of fog {unknown}
 i - 2 scrolls of enchant armour
 k - a scroll of enchant weapon {unknown}
 m - 3 scrolls of fear
 t - a scroll of amnesia {unknown}
 v - a scroll of magic mapping {unknown}
 w - 4 scrolls of teleportation
 z - a scroll of random uselessness {unknown}
Potions
 c - a potion of invisibility {unknown}
 f - a potion of flight {unknown}
 j - a potion of ambrosia {unknown}
 l - 2 potions of attraction
 n - 2 potions of curing {unknown}
 o - 2 potions of heal wounds {unknown}
 p - 2 potions of degeneration {unknown}
 r - a potion of magic {unknown}
 s - a potion of cancellation {unknown}
 u - a potion of lignification {unknown}


   Skills:
 - Level 3.6 Fighting
 + Level 11.6 Maces & Flails
 - Level 2.4 Armour
 - Level 2.1 Dodging


You had 7 spell levels left.
You didn't know any spells.
Your spell library contained the following spells:

 Spells                   Type           Power        Failure   Level
 Animate Skeleton         Necr           0%           82%         1
 Apportation              Tloc           0%           82%         1
 Corona                   Hex            0%           82%         1
 Summon Small Mammal      Summ           0%           82%         1


Dungeon Overview and Level Annotations

Branches:
Dungeon (6/15)             Temple (0/1) D:5           Sewer (visited)

Altars:
Gozag
Hepliaklqana
Makhleb
The Shining One

Shops:
D:6 *


Innate Abilities, Weirdness & Mutations

You reflexively headbutt those who attack you in melee.
You have a pair of horns on your head.


Message History

Unknown command.
You hit the bullfrog.
The bullfrog is moderately wounded.
The bullfrog barely misses you. You furiously retaliate!
You headbutt the bullfrog! The bullfrog hits you.
* * * LOW HITPOINT WARNING * * *
Drop what? 26/52 slots (_ for help) (? for menu, Esc to quit)
Okay, then.
The bullfrog hits you but does no damage.
The bullfrog hits you but does no damage.
The bullfrog hits you.
* * * LOW HITPOINT WARNING * * *
The bullfrog closely misses you.
The bullfrog hits you but does no damage.
The bullfrog barely misses you. The bullfrog hits you.
* * * LOW HITPOINT WARNING * * *
The bullfrog hits you.
* * * LOW HITPOINT WARNING * * *
The bullfrog swells and bulges.
The bullfrog hits you!
* * * LOW HITPOINT WARNING * * *
The bullfrog releases a deep croak.
The bullfrog barely misses you. You furiously retaliate!
You headbutt the bullfrog! You hit the bullfrog but do no damage.
The bullfrog is almost dead.
The bullfrog hits you but does no damage.
The bullfrog hits you.
* * * LOW HITPOINT WARNING * * *
You hit the bullfrog.
You kill the bullfrog!
Trog accepts your kill.
The kobold brigand throws a curare-tipped dart.
The curare-tipped dart hits you.
You are lethally poisoned!
You have difficulty breathing.
* * * LOW HITPOINT WARNING * * *
You feel as though you will be slow longer.
You die...

.....##....# #.)# #####......###
......#....####.# #.....#.......
...)..##......#.####.#####.#.####
#...#..........##.##.†....# #.
#)).#.##...##........###.## #.
#)))'.##...###.....#..##.####.
#(.[####.##......####....#....
#...#.......##.### #.......###
....####..#K##@.#####.####.## #
......####.##.......>#.. #.####
.....###...##...##.#.#^# #.....
[.:## #.#....####.#.#.#####.##..
### #.#.##..# #.#.#.#.....##..
#.#.###.# #.#..<#.######..
#...###.###.#.).......##..
############...##.#.........##..
#.≈≈≈≈≈#≈≈≈#...##.#.........##..


There were no monsters in sight!

Vanquished Creatures
  A phantom (D:6)
  4 bullfrogs
  5 orc priests
  A centaur skeleton (D:5)
  3 hounds
  A bullfrog skeleton (D:5)
  2 orc wizards
  2 worker ants
  A hound skeleton (D:4)
  A worker ant zombie (D:6)
  Robin (D:2)
  3 gnolls (D:6)
  8 adders
  A river rat (D:6)
  A shadow imp (D:5)
  7 oozes
  An adder skeleton (D:4)
  5 worms
  A dart slug (D:2)
  14 leopard geckos
  9 orcs
  7 ball pythons
  7 giant cockroaches
  12 goblins
  12 hobgoblins
  20 jackals
  10 kobolds
  2 quokkas
  5 bats
  11 frilled lizards
  A jackal skeleton (D:4)
  7 rats
166 creatures vanquished.

Notes
Turn   | Place    | Note
-------+----------+-------------------------------------------
     0 | D:1      | mobinator the Minotaur Berserker began the quest for the
                  | Orb.
     0 | D:1      | Reached XP level 1. HP: 19/19 MP: 0/0
   206 | D:1      | Reached skill level 4 in Maces & Flails
   321 | D:1      | Reached XP level 2. HP: 26/26 MP: 1/1
   544 | D:1      | Found a glowing golden altar of the Shining One.
   785 | D:2      | Noticed Robin
   788 | D:2      | Reached skill level 5 in Maces & Flails
   807 | D:2      | Reached XP level 3. HP: 31/31 MP: 2/2
   819 | D:2      | Reached ** piety under Trog
   825 | D:2      | Killed Robin
  1289 | D:2      | Reached XP level 4. HP: 25/39 MP: 3/3
  1401 | D:2      | Found a burning altar of Makhleb.
  1401 | D:2      | Noticed a green death
  1404 | D:2      | Noticed a neqoxec
  1404 | D:2      | Noticed a ynoxinul
  1420 | D:2      | Reached skill level 6 in Maces & Flails
  1796 | D:3      | Reached *** piety under Trog
  2428 | D:3      | Found a faded altar of an unknown god.
  2575 | D:4      | Reached skill level 7 in Maces & Flails
  2575 | D:4      | Reached XP level 5. HP: 36/45 MP: 4/4
  3968 | D:4      | Reached skill level 8 in Maces & Flails
  4146 | D:5      | Entered Level 5 of the Dungeon
  4154 | D:4      | Reached XP level 6. HP: 42/51 MP: 5/5
  4400 | D:5      | Found an opulent altar of Gozag.
  4400 | D:5      | Found a hazy altar of Hepliaklqana.
  4459 | D:5      | Found a staircase to the Ecumenical Temple.
  4754 | D:5      | Reached skill level 9 in Maces & Flails
  5060 | D:5      | Reached XP level 7. HP: 52/57 MP: 6/6
  5427 | D:6      | Found Noty's Elemental Accessories.
  5564 | D:6      | Reached **** piety under Trog
  5565 | D:6      | Reached skill level 10 in Maces & Flails
  5945 | D:6      | Found a glowing drain.
  5955 | Sewer    | Entered a sewer
  6464 | D:6      | Reached skill level 11 in Maces & Flails
  6468 | D:6      | Reached ***** piety under Trog
  6486 | D:6      | Reached XP level 8. HP: 28/64 MP: 7/7
  6500 | D:6      | HP: 2/64 [asphyx]
  6501 | D:6      | Succumbed to kobold brigand's curare-tipped dart

Illustrated notes

Levels and vault maps discovered:
D:1:      lightli_arrival_maybe_door_vault, layout_rooms, supply_closet_lemuel,
          tso_altar
D:2:      minmay_spotlight, layout_basic, makhleb_altar_promises_db, uniq_robin
D:3:      layout_rooms, chequers_ecumenical_altar_grove, grunt_ministairs_4
D:4:      layout_layer_cave
D:5:      layout_basic, chequers_temple_overflow_statue_of_worship,
          minmay_temple_entry_arrows
D:6:      layout_rooms, lightli_sewer_entry_pipes, nicolae_elemental_shop,
          grunt_potential

Skill      XL: |  1  2  3  4  5  6  7 |
---------------+----------------------+-----
Maces & Flails | 4 5 7 8 9 11 | 11.6
Fighting       | |  3.6
Armour         | |  2.4
Dodging        | |  2.1

Action                   |  1- 3 |  4- 6 |  7- 9 || total
-------------------------+-------+-------+-------++-------
Melee: Mace              |    73 |   156 |    37 ||   266
       Headbutt          |    12 |    21 |    27 ||    60
       Morningstar       |       |       |   135 ||   135
Invok: Berserk           |     2 |     1 |     1 ||     4
  Use: Scroll            |       |     4 |       ||     4
Armor: Animal skin       |    10 |     3 |       ||    13
       Ring mail         |       |    55 |       ||    55
       Scale mail        |       |     1 |    80 ||    81
Dodge: Dodged            |    46 |    86 |    94 ||   226

Table legend: (Time is in decaauts)
 A = Elapsed time spent in this place.
 B = Non-inter-level travel time spent in this place.
 C = Inter-level travel time spent in this place.
 D = Time resting spent in this place.
 E = Time spent auto-exploring this place.
 F = Levels seen in this place.
 G = Mean time per level.
                   A        B        C        D        E       F      G
               +--------+--------+--------+--------+--------+-----+--------+
         Total |   6634 |   6512 |    122 |    556 |   4915 |   7 |  947.7 |
       Dungeon |   6183 |   6061 |    122 |    556 |   4649 |   6 | 1030.5 |
         Sewer |    451 |    451 |      0 |      0 |    265 |   1 |  451.0 |
               +--------+--------+--------+--------+--------+-----+--------+

Top non-repeatable levels by time:
     D:4: 1715 daAuts
     D:5: 1150 daAuts
     D:2: 1101 daAuts
     D:3: 830 daAuts
     D:6: 748 daAuts
     D:1: 636 daAuts
   Sewer: 451 daAuts
